 Dungeon Crawl Stone Soup version 0.31-a0-150-g89dc3ad700 (webtiles) character file.

Game seed: 4181146044814060748

242 qw the Shooter (level 5, 0/46 HPs)
             Began as a Minotaur Hunter on June 8, 2023.
             Was an Initiate of Okawaru.
             Shot with an arrow by a centaur (10 damage)
             ... on level 4 of the Dungeon.
             The game lasted 00:01:23 (3394 turns).

qw the Shooter (Minotaur Hunter)                    Turns: 3394, Time: 00:01:24

Health: 0/46       AC:  6    Str: 20 (21) XL:     5   Next: 81%
Magic:  4/4        EV: 11    Int:  4 (6)  God:    Okawaru [......]
Gold:   132        SH:  0    Dex: 13 (16) Spells: 4/4 levels left

rFire   . . .        Y - +1 shortbow
rCold   . . .        (shield currently unavailable)
rNeg    . . .        i - +0 ring mail
rPois   .            (helmet restricted)
rElec   .            j - +0 cloak
rCorr   +            (no gloves)
SInv    .            (no boots)
Will    .....        (no amulet)
Stlth   +            d - +6 ring of strength
HPRegen 0.27/turn    g - ring of resist corrosion
MPRegen 0.09/turn

%: no passive effects
@: no status effects
A: horns 2, retaliatory headbutt
a: Renounce Religion


You were on level 4 of the Dungeon.
You worshipped Okawaru.
Okawaru was noncommittal.
You visited 2 branches of the dungeon, and saw 5 of its levels.

You collected 132 gold pieces.


Innate Abilities, Weirdness & Mutations

You have a pair of horns on your head.
You reflexively headbutt those who attack you in melee.


   Skills:
 - Level 4.1 Fighting
 + Level 7.0 Ranged Weapons
 - Level 1.2 Armour
 - Level 2.1 Dodging
 - Level 0.7 Stealth


You had 4 spell levels left.
You didn't know any spells.
Your spell library was empty.

Inventory:

Hand Weapons
 Y - a +1 shortbow (weapon)
Armour
 i - a +0 ring mail (worn)
 j - a +0 cloak (worn)
Jewellery
 d - a +6 ring of strength (left hand)
 g - a ring of resist corrosion (right hand)
Scrolls
 a - a scroll of identify
 b - a scroll of teleportation
Potions
 e - a potion of curing
 f - a potion of mutation
 k - a potion of berserk rage {unknown}

Dungeon Overview and Level Annotations

Branches:
Dungeon (4/15)             Temple (1/1) D:4

Altars:
Ashenzari
Cheibriados
Dithmenos
Elyvilon
Fedhas
Hepliaklqana
Kikubaaqudgha
Makhleb
Nemelex Xobeh
Okawaru
Qazlal
Ru
Sif Muna
Trog
Uskayaw
Wu Jian
Xom
Yredelemnul
Zin
The Shining One

Shops:
D:1 [


Message History

Press < or > to pray at altars.
There is a staircase back to the Dungeon here.
You climb upwards.
Welcome back to the Dungeon!
There is a staircase to the Ecumenical Temple here.
Enter note:
Found 3 curare-tipped darts.
Enter note: You see here 3 curare-tipped darts.
There is a stone staircase leading down here.
Found 6 stones.
Enter note: You open the door.
You open the door.
There is an open door here.
A centaur comes into view.
The centaur shouts!
You hear a shout!
The centaur wields a +0 shortbow.
The centaur shoots an arrow.
The arrow hits you!
A hobgoblin comes into view.
Enter note:
Enter note: You shoot an arrow.
The arrow hits the hobgoblin but does no damage.
The centaur shoots an arrow.
The arrow hits you!
You shoot an arrow. The arrow closely misses the hobgoblin.
The centaur shoots an arrow.
The arrow barely misses you. The hobgoblin closely misses you.
The centaur shoots an arrow.
The arrow completely misses you.
You shoot an arrow. The arrow barely misses the hobgoblin.
The hobgoblin closely misses you.
The centaur shoots an arrow.
The arrow hits you!
You shoot an arrow. The arrow hits the hobgoblin!
You kill the hobgoblin!
Okawaru accepts your kill.
The centaur shoots an arrow.
The arrow hits you.
You shoot an arrow. The arrow hits the centaur!
The centaur is heavily wounded.
The centaur shoots an arrow.
The arrow hits you!
The centaur shoots an arrow.
The arrow hits you!
You die...

# #. # #.. .# #..7
.# +.7.7 7.+
#..7.7..#
############..c7...#
...........#....@..#
####.......####'####
###..########...#
##..## #.###
#..##########.##
...............#
####........####
...'........# #####
####..(.....# #...#


You could see a centaur.

Vanquished Creatures
  An orc priest (D:4)
  An iguana (D:4)
  Natasha (thrice) (D:3)
  4 adders
  3 dart slugs
  2 orcs (D:4)
  9 bats
  3 endoplasms
  A giant cockroach (D:1)
  3 goblins
  5 hobgoblins
  5 jackals
  5 kobolds
  4 quokkas
  6 ball pythons
  3 frilled lizards
  9 rats
67 creatures vanquished.

Notes
Turn   | Place    | Note
-------+----------+-------------------------------------------
     0 | D:1      | qw the Minotaur Hunter began the quest for the Orb.
     0 | D:1      | Reached XP level 1. HP: 18/18 MP: 0/0
     0 | D:1      | 0 ||| qw: Version: 0.2-a-120-gdf1a93b
     0 | D:1      | 0 ||| qw: Game counter: 2975
     0 | D:1      | 0 ||| qw: Always use a shield: true
     0 | D:1      | 0 ||| qw: God list: Okawaru
     0 | D:1      | 0 ||| qw: Allow faded altars: false
     0 | D:1      | 0 ||| qw: Do Orc after D:15 true
     0 | D:1      | 0 ||| qw: Do second Lair branch before Depths: true
     0 | D:1      | 0 ||| qw: Lair rune preference: random
     0 | D:1      | 0 ||| qw: Plans: Normal
     0 | D:1      | 0 ||| PLANNING D:1-11
    48 | D:1      | Reached XP level 2. HP: 18/25 MP: 1/1
    95 | D:1      | 95 ||| READING scroll labelled FAITHU GOPTA.
    99 | D:1      | 99 ||| FLEEEEING.
   101 | D:1      | 101 ||| FLEEEEING.
   102 | D:1      | 102 ||| FLEEEEING.
   103 | D:1      | 103 ||| FLEEEEING.
   104 | D:1      | 104 ||| FLEEEEING.
   105 | D:1      | 105 ||| FLEEEEING.
   106 | D:1      | 106 ||| FLEEEEING.
   107 | D:1      | 107 ||| FLEEEEING.
   108 | D:1      | 108 ||| FLEEEEING.
   109 | D:1      | 109 ||| FLEEEEING.
   110 | D:1      | 110 ||| FLEEEEING.
   111 | D:1      | 111 ||| FLEEEEING.
   112 | D:1      | 112 ||| FLEEEEING.
   113 | D:1      | 113 ||| FLEEEEING.
   114 | D:1      | 114 ||| FLEEEEING.
   115 | D:1      | 115 ||| FLEEEEING.
   116 | D:1      | 116 ||| FLEEEEING.
   118 | D:1      | 118 ||| FLEEEEING.
   119 | D:1      | 119 ||| FLEEEEING.
   120 | D:1      | 120 ||| FLEEEEING.
   121 | D:1      | 121 ||| FLEEEEING.
   122 | D:1      | 122 ||| FLEEEEING.
   124 | D:1      | 124 ||| FLEEEEING.
   125 | D:1      | 125 ||| FLEEEEING.
   126 | D:1      | 126 ||| FLEEEEING.
   127 | D:1      | 127 ||| FLEEEEING.
   128 | D:1      | 128 ||| FLEEEEING.
   131 | D:1      | Reached skill level 5 in Ranged Weapons
   311 | D:1      | Found Sajup's Armour Shoppe.
   571 | D:1      | 571 ||| FLEEEEING.
   572 | D:1      | 572 ||| FLEEEEING.
   573 | D:1      | 573 ||| FLEEEEING.
   574 | D:1      | 574 ||| FLEEEEING.
   603 | D:1      | Reached skill level 3 in Fighting
   853 | D:1      | 853 ||| UPGRADING to +0 ring mail.
   863 | D:1      | 863 ||| DROPPING +0 leather armour.
   864 | D:1      | 864 ||| DROPPING ring of magical power.
   865 | D:1      | 865 ||| UPGRADING to +6 ring of strength.
   866 | D:1      | 866 ||| READING scroll labelled SUOWOC BYQAI.
   867 | D:1      | 867 ||| READING 2 scrolls labelled AHEBRO GIOTTIU.
   868 | D:1      | 868 ||| READING scroll labelled CUTWOY SEALL.
   869 | D:1      | 869 ||| READING scroll labelled DUPOTR LYBRI.
   874 | D:1      | 874 ||| READING scroll labelled GOMOIC MUHYSO.
   875 | D:1      | 875 ||| DROPPING scroll of butterflies.
   876 | D:1      | 876 ||| DROPPING scroll of poison.
   894 | D:2      | Reached skill level 1 in Armour
   894 | D:2      | Reached XP level 3. HP: 30/31 MP: 2/2
  1719 | D:2      | 1719 ||| UPGRADING to ring of resist corrosion.
  1720 | D:2      | 1720 ||| DRINKING 2 murky purple potions.
  1721 | D:2      | 1721 ||| READING 3 scrolls of identify.
  1721 | D:2      | 1721 ||| IDENTIFYING fuming golden potion
  1722 | D:2      | 1722 ||| READING 2 scrolls of identify.
  1722 | D:2      | 1722 ||| IDENTIFYING fuming cyan potion
  1723 | D:2      | 1723 ||| DROPPING potion of enlightenment.
  1758 | D:3      | Reached XP level 4. HP: 38/38 MP: 3/3
  1788 | D:3      | Noticed Natasha
  1794 | D:3      | Killed Natasha
  1795 | D:3      | Reached skill level 6 in Ranged Weapons
  2066 | D:3      | Noticed Natasha
  2070 | D:3      | Killed Natasha
  2071 | D:3      | Reached XP level 5. HP: 46/46 MP: 4/4
  2078 | D:3      | Found a basalt altar of Yredelemnul.
  2498 | D:3      | Noticed Natasha
  2500 | D:3      | 2500 ||| FLEEEEING.
  2501 | D:3      | 2501 ||| FLEEEEING.
  2502 | D:3      | 2502 ||| FLEEEEING.
  2509 | D:3      | Killed Natasha
  2540 | D:3      | 2540 ||| UPGRADING to +0 cloak.
  2545 | D:3      | 2545 ||| READING scroll labelled YTEOMOUWOO.
  2546 | D:3      | 2546 ||| READING scroll labelled XUUFEUX ALERGHI.
  2547 | D:3      | 2547 ||| DRINKING 2 viscous inky potions.
  2548 | D:3      | 2548 ||| READING 2 scrolls of identify.
  2548 | D:3      | 2548 ||| IDENTIFYING yellow potion
  2549 | D:3      | 2549 ||| DROPPING potion of magic.
  2550 | D:3      | 2550 ||| DROPPING potion of degeneration.
  2577 | D:4      | 2577 ||| STAIRDANCE
  2582 | D:3      | HP: 3/46 [sleepcap (9)]
  2583 | D:3      | 2583 ||| READING scroll of teleportation.
  2929 | D:4      | 2929 ||| FLEEEEING.
  2930 | D:4      | 2930 ||| FLEEEEING.
  2931 | D:4      | 2931 ||| FLEEEEING.
  2932 | D:4      | 2932 ||| FLEEEEING.
  2933 | D:4      | 2933 ||| FLEEEEING.
  2934 | D:4      | 2934 ||| FLEEEEING.
  2944 | D:4      | 2944 ||| FLEEEEING.
  2945 | D:4      | 2945 ||| FLEEEEING.
  2946 | D:4      | 2946 ||| FLEEEEING.
  2947 | D:4      | 2947 ||| FLEEEEING.
  2948 | D:4      | 2948 ||| FLEEEEING.
  2949 | D:4      | 2949 ||| FLEEEEING.
  2950 | D:4      | 2950 ||| FLEEEEING.
  2951 | D:4      | 2951 ||| FLEEEEING.
  2952 | D:4      | 2952 ||| FLEEEEING.
  2953 | D:4      | 2953 ||| FLEEEEING.
  2954 | D:4      | 2954 ||| FLEEEEING.
  2955 | D:4      | 2955 ||| FLEEEEING.
  2959 | D:4      | 2959 ||| FLEEEEING.
  2960 | D:4      | 2960 ||| FLEEEEING.
  2961 | D:4      | 2961 ||| FLEEEEING.
  2962 | D:4      | 2962 ||| FLEEEEING.
  2963 | D:4      | 2963 ||| FLEEEEING.
  2964 | D:4      | 2964 ||| FLEEEEING.
  2965 | D:4      | 2965 ||| FLEEEEING.
  2966 | D:4      | 2966 ||| FLEEEEING.
  2967 | D:4      | 2967 ||| FLEEEEING.
  2973 | D:4      | 2973 ||| FLEEEEING.
  2974 | D:4      | 2974 ||| STAIRDANCE
  3061 | D:4      | HP: 7/46 [iguana (7)]
  3068 | D:4      | Reached skill level 7 in Ranged Weapons
  3208 | D:4      | Found a staircase to the Ecumenical Temple.
  3209 | D:4      | 3209 ||| PLANNING TEMPLE
  3217 | Temple   | Entered the Ecumenical Temple
  3241 | Temple   | 3241 ||| PLANNING OKAWARU WORSHIP
  3254 | Temple   | Became a worshipper of Warmaster Okawaru
  3254 | Temple   | 3254 ||| PLANNING D:1-11
  3389 | D:4      | Noticed a centaur
  3394 | D:4      | HP: 10/46 [centaur/arrow (8)]
  3394 | D:4      | Shot with an arrow by a centaur

Levels and vault maps discovered:
D:1:      arrival_zaba_pyramid, layout_loops_ring, serial_shops,
          nicolae_shop_crystal, nicolae_concentric_dashed_squares_wild,
          minmay_ruptured
D:2:      layout_basic, minmay_misc_feat_doors
D:3:      layout_basic, mainiacjoe_overflow_tiny_flanked, uniq_natasha
D:4:      layout_basic, minmay_temple_entry_junction, kennysheep_generic_room_10
Temple:   hellmonk_temple_of_storms

Skill      XL: |  1  2  3  4  5 |
---------------+----------------+-----
Ranged Weapons | 5 6 7 |  7.0
Fighting       | 3 4 |  4.1
Armour         | 1 |  1.2
Dodging        | |  2.1
Stealth        | |  0.7

Action                     |  1- 3 |  4- 6 || total
---------------------------+-------+-------++-------
   Fire: Shortbow          |   131 |   121 ||   252
    Use: Scroll            |     8 |     4 ||    12
         Potion            |     1 |     1 ||     2
 Armour: Leather armour    |    14 |       ||    14
         Ring mail         |    21 |    11 ||    32
  Dodge: Dodged            |    56 |    33 ||    89

Table legend:
 A = Non-vault XP
 B = Vault XP
 C = Vault XP percentage of total XP
 D = Non-vault monster count
 E = Vault monster count
 F = Vault count percentage of total count
                 A         B        C        D         E       F
            +---------+---------+-------+---------+---------+-------
      Total |     304 |      42 |  12.1 |      63 |       4 |   6.0
            +---------+---------+-------+---------+---------+-------
        D:1 |      31 |       4 |  11.4 |      18 |       2 |  10.0
        D:2 |      51 |       0 |   0.0 |      17 |       0 |   0.0
        D:3 |     130 |      36 |  21.7 |      22 |       1 |   4.3
        D:4 |      92 |       2 |   2.1 |       6 |       1 |  14.3
            +---------+---------+-------+---------+---------+-------
